 Dungeon Crawl Stone Soup version 0.18.1-48-g4cf74bf (webtiles) character file.

898 juanjsm the Sneak (level 7, -3/35 HPs)
             Began as a Spriggan Enchanter on Aug 8, 2016.
             Was a Follower of Okawaru.
             Shot with a sling bullet by Joseph (14 damage)
             ... on level 7 of the Dungeon.
             The game lasted 00:18:26 (4785 turns).

juanjsm the Sneak (Spriggan Enchanter)              Turns: 4785, Time: 00:18:27

Health: -3/35      AC:  6    Str:  4    XL:     7   Next: 79%
Magic:  3/15       EV: 22    Int: 17    God:    Okawaru [*.....]
Gold:   339        SH:  0    Dex: 18    Spells: 4 memorised, 7 levels left

rFire  . . .     SeeInvis +     a - +2 dagger
rCold  . . .     Gourm    .     b - +1 robe
rNeg   . . .     Faith    .     (shield restricted)
rPois  .         Spirit   .     (helmet restricted)
rElec  .         Dismiss  .     v - +2 cloak
rCorr  .         Reflect  .     (gloves unavailable)
SustAt .         Harm     .     (boots unavailable)
MR     ++...                    f - amulet of rage
Stlth  ++++......               (no ring)
                                n - ring of protection from magic

@: very quick, very resistant to hostile enchantments, stealthy
A: unfitting armour, see invisible, herbivore 3, speed 3, slow metabolism 2
a: Heroism, Renounce Religion, Evoke Berserk Rage


You were on level 7 of the Dungeon.
You worshipped Okawaru.
Okawaru was aware of your devotion.
You were not hungry.

You visited 2 branches of the dungeon, and saw 8 of its levels.
You also visited: Sewer.

You collected 339 gold pieces.

Inventory:

Hand Weapons
 a - a +2 dagger (weapon)
 A - the +10 whip "Ulautz" {freeze, rF+ Dex+3, unknown}
   (You found it on level 4 of the Dungeon)

   It has been specially enchanted to freeze those struck by it, causing extra
   injury to most foes and up to half again as much damage against particularly
   susceptible opponents.
   It can also slow down cold-blooded creatures.
   It affects your dexterity (+3).
   It protects you from fire.
 B - a +0 antimagic dagger
 I - a +0 dagger of distortion
Missiles
 j - 15 poisoned needles
 r - 5 needles of sleeping
 C - a throwing net (quivered)
Armour
 b - a +1 robe (worn)
 l - a +1 cloak
 v - a +2 cloak (worn)
Jewellery
 f - an amulet of rage (around neck)
 n - a ring of protection from magic (left hand)
Scrolls
 h - 2 scrolls of enchant armour
 k - a scroll of enchant weapon
 m - 3 scrolls of remove curse
 p - a scroll of fear {unknown}
 q - 7 scrolls of teleportation
 u - 2 scrolls of amnesia {unknown}
 y - a scroll of noise {unknown}
 z - a scroll of immolation {unknown}
 F - a scroll of fog {unknown}
 J - 3 scrolls of identify
Potions
 e - 2 potions of lignification
 g - 2 potions of brilliance
 i - 7 potions of curing
 o - 3 potions of heal wounds
 s - 2 potions of cure mutation {unknown}
 t - 2 potions of mutation {unknown}
 w - 2 potions of haste {unknown}
 x - a potion of might {unknown}
 E - a potion of beneficial mutation {unknown}
 H - 5 potions of flight {unknown}
Books
 c - a book of Maledictions

   Spells                             Type                      Level
   a - Corona                         Hexes                        1
   b - Ensorcelled Hibernation        Hexes/Ice                    2
   c - Confuse                        Hexes                        3
   d - Tukima's Dance                 Hexes                        3
   e - Dazzling Spray                 Conjuration/Hexes            3
 D - a Fen Folio

   Spells                             Type                      Level
   a - Corpse Rot                     Necromancy                   2
   b - Stone Arrow                    Conjuration/Earth            3
   c - Leda's Liquefaction            Hexes/Earth                  4
   d - Summon Forest                  Summoning/Translocation      5
   e - Hydra Form                     Transmutation                6
   f - Summon Hydra                   Summoning                    7
 G - a book of Summonings

   Spells                             Type                      Level
   a - Recall                         Summoning/Translocation      3
   b - Aura of Abjuration             Summoning                    5
   c - Summon Demon                   Summoning                    5
   d - Summon Forest                  Summoning/Translocation      5
   e - Summon Mana Viper              Hexes/Summoning              5
   f - Shadow Creatures               Summoning                    6
Comestibles
 d - 5 bread rations


   Skills:
 + Level 2.7 Fighting
 + Level 3.7 Short Blades
 + Level 5.9 Dodging
 + Level 7.2 Stealth
 + Level 5.1 Spellcasting
 + Level 5.8 Hexes


You had 7 spell levels left.
You knew the following spells:

 Your Spells              Type           Power        Failure   Level  Hunger
a - Corona                Hex            ###....      1%          1    None
b - Ensorcelled Hibernat  Hex/Ice        ##....       10%         2    #......
c - Confuse               Hex            ###.....     4%          3    ###....
d - Dazzling Spray        Conj/Hex       ##....       14%         3    ###....


Dungeon Overview and Level Annotations

Branches:
Dungeon (7/15)             Temple (1/1) D:4

Altars:
Ashenzari
Cheibriados
Elyvilon
Fedhas
Gozag
Kikubaaqudgha
Makhleb
Nemelex Xobeh
Okawaru
Pakellas
Qazlal
Ru
Trog
Vehumet
Xom
Yredelemnul
Zin

Annotations:
D:3 Natasha; torvon's ghost, amateur MfSk
D:6 Grinder
D:7 Joseph


Innate Abilities, Weirdness & Mutations

You are tiny and cannot use many weapons and most armour.
You have supernaturally acute eyesight.
You are a herbivore.
You cover ground extremely quickly.
You need consume almost no food.


Message History

Casting: Confuse
Confirm with . or Enter, or press ? or * to list all spells.
Aiming: Confuse
Press: ? - help, Shift-Dir - straight line, f/p - Joseph
Aim: Joseph, wielding a hunting sling and wearing a leather armour (chance to defeat MR: 36%) Joseph easily resists.
Casting: Confuse
Confirm with . or Enter, or press ? or * to list all spells.
Aiming: Confuse
Press: ? - help, Shift-Dir - straight line, f/p - Joseph
Aim: Joseph, wielding a hunting sling and wearing a leather armour (chance to defeat MR: 36%) Joseph easily resists.
Joseph shoots a sling bullet.
The sling bullet hits you!
Casting: Confuse
Confirm with . or Enter, or press ? or * to list all spells.
Aiming: Confuse
Press: ? - help, Shift-Dir - straight line, f/p - Joseph
Aim: Joseph, wielding a hunting sling and wearing a leather armour (chance to defeat MR: 36%) Joseph easily resists.
Joseph shoots a sling bullet.
The sling bullet hits you!
You die...

................ ##
..........!.....# .##
................# ..##
#...............# ...##
#..............# ....##
#.............# .....#
#............#
.....#######.....(.@...#
..........)####.@#######
.............(....#
......##..<.......##.
......#######........#
......# #####...##
......# ##.## ......# .#
......# ?# ##


You could see Joseph.

Vanquished Creatures
  Sigmund (D:6)
  An ogre (D:4)
  A big kobold (Sewer)
  A scorpion (D:5)
  A crimson imp (D:6)
  A giant frog skeleton (D:4)
  5 orc wizards
  An orc priest (D:6)
  2 hounds
  Ijyb (D:4)
  A hound zombie (D:6)
  2 worker ant zombies (D:4)
  5 adders
  2 river rats (Sewer)
  2 oozes
  2 adder zombies (D:4)
  A worm (D:3)
  3 dart slugs
  6 giant geckos
  9 orcs
  4 giant cockroaches
  17 goblins
  6 hobgoblins
  3 jackals
  2 quokkas (D:2)
  A ball python (D:4)
  8 bats
  A giant cockroach zombie (D:4)
  A giant gecko skeleton (D:4)
  2 giant gecko zombies (D:4)
  7 giant newts
  2 jackal skeletons
  A jackal zombie (D:4)
  3 kobolds
  5 rats
111 creatures vanquished.

Notes
Turn   | Place    | Note
--------------------------------------------------------------
     0 | D:1      | juanjsm the Spriggan Enchanter began the quest for the Orb.
     0 | D:1      | Reached XP level 1. HP: 9/9 MP: 5/5
   253 | D:1      | Reached XP level 2. HP: 13/13 MP: 6/6
   281 | D:1      | Learned a level 2 spell: Ensorcelled Hibernation
   797 | D:2      | Found a blossoming altar of Fedhas.
   805 | D:2      | Reached XP level 3. HP: 14/17 MP: 8/8
  1335 | D:2      | Reached XP level 4. HP: 21/21 MP: 10/10
  1340 | D:2      | Learned a level 3 spell: Confuse
  1344 | D:2      | Learned a level 3 spell: Dazzling Spray
  1373 | D:3      | Found a sparkling altar of Nemelex Xobeh.
  1373 | D:3      | Noticed torvon's ghost (amateur MfSk)
  1376 | D:3      | Noticed Natasha
  1418 | D:3      | Found an oddly glowing altar of Pakellas.
  1450 | D:3      | Reached skill level 5 in Stealth
  1639 | D:3      | Reached skill level 1 in Fighting
  1767 | D:3      | Found a bloodstained altar of Trog.
  1767 | D:3      | Found a sacrificial altar of Ru.
  1904 | D:4      | Found a staircase to the Ecumenical Temple.
  1942 | Temple   | Entered the Ecumenical Temple
  1996 | Temple   | Became a worshipper of Warmaster Okawaru
  2058 | D:4      | Reached XP level 5. HP: 22/25 MP: 0/11
  2098 | D:4      | Got a steaming whip
  2103 | D:4      | Noticed Ijyb
  2444 | D:4      | Killed Ijyb
  2549 | D:4      | Noticed an ogre
  2556 | D:4      | Killed an ogre
  2556 | D:4      | Reached skill level 6 in Stealth
  2556 | D:4      | Reached XP level 6. HP: 30/30 MP: 9/13
  2584 | D:4      | Found a stormy altar of Qazlal.
  2718 | D:4      | Reached skill level 5 in Hexes
  2799 | D:4      | Found a snail-covered altar of Cheibriados.
  2971 | D:5      | Entered Level 5 of the Dungeon
  3144 | D:5      | Found a glowing drain.
  3226 | Sewer    | Entered a sewer
  3404 | Sewer    | Found a white marble altar of Elyvilon.
  3932 | D:5      | Found a shattered altar of Ashenzari.
  3935 | D:5      | Found an opulent altar of Gozag.
  3938 | D:5      | Found an oddly glowing altar of Pakellas.
  3997 | D:5      | Found a burning altar of Makhleb.
  3997 | D:5      | Noticed an Executioner
  4095 | D:5      | Reached skill level 5 in Dodging
  4114 | D:5      | Reached * piety under Okawaru
  4263 | D:5      | Reached XP level 7. HP: 35/35 MP: 9/14
  4358 | D:6      | Noticed Sigmund
  4377 | D:6      | Killed Sigmund
  4412 | D:6      | Reached skill level 7 in Stealth
  4500 | D:6      | Reached skill level 5 in Spellcasting
  4585 | D:6      | Noticed Grinder
  4694 | D:7      | Noticed Joseph
  4785 | D:7      | Shot with a sling bullet by Joseph

Skill      XL: |  1  2  3  4  5  6  7 |
---------------+----------------------+-----
Spellcasting   | 3 4 5 |  5.1
Hexes          | 4 5 |  5.8
Stealth        | 5 6 7 |  7.2
Fighting       | 1 2 |  2.7
Short Blades   | 2 3 |  3.7
Dodging        | 4 5 |  5.9

Action                   |  1- 3 |  4- 6 |  7- 9 || total
-------------------------+-------+-------+-------++-------
Melee: Dagger            |    90 |   187 |    29 ||   306
 Cast: Ensorcelled Hiber |    10 |    29 |    13 ||    52
       Confuse           |       |    21 |     6 ||    27
       Dazzling Spray    |       |     1 |     1 ||     2
  Use: Scroll            |       |     9 |       ||     9
 Stab: Sleeping          |    23 |    32 |    10 ||    65
       Distracted        |     1 |     2 |       ||     3
       Confused          |       |    10 |     1 ||    11
       Invisible         |       |       |     1 ||     1
  Eat: Fruit             |       |     3 |       ||     3
       Bread ration      |       |     1 |       ||     1
Armor: Robe              |    18 |    26 |     4 ||    48
Dodge: Dodged            |    72 |   127 |    14 ||   213
